Description

This build order in really easy to execute. He is designed for beginners or new player who want a solid build order to improve and to reach a good level in PvP.

The goal is to do play defensively and reach a strong Immortal/Carrier composition.

VOD

https://youtu.be/NPs0YwTXVaQ

Replay - WannaBeByun v zuka - Deathaura LE

Build Order

Get SALT Encoding   

  12  0:00  Probe  
  13  0:12  Probe  
  14  0:17  Pylon  
  14  0:24  Probe (Chrono Boost)  
  16  0:36  Probe (Chrono Boost)  
  16  0:40  Gateway  
  16  0:41  Probe  
  16  0:47  Assimilator  
  17  0:53  Probe  
  18  0:59  Pylon  
  18  1:05  Probe  
  18  1:08  Assimilator  
  19  1:17  Probe (Chrono Boost)  
  20  1:28  Cybernetics Core, Probe x2 (Chrono Boost)  
  21  1:36  Pylon  
  24  2:05  Nexus  
  24  2:10  Stalker (Chrono Boost)  
  26  2:24  Stargate  
  26  2:27  Warp Gate  
  26  2:33  Pylon  
  26  2:40  Stalker  
  28  2:45  Shield Battery  
  29  2:54  Pylon  
  29  3:09  Oracle (Chrono Boost)  
  32  3:16  Stalker  
  35  3:20  Shield Battery  
  36  3:30  Void Ray (Chrono Boost)  
  40  3:49  Robotics Facility  
  42  3:59  Shield Battery  
  42  4:14  Void Ray  
  47  4:36  Assimilator x2  
  48  4:43  Immortal (Chrono Boost)  
  57  5:07  Void Ray  
  57  5:09  Shield Battery  
  62  5:15  Observer (Chrono Boost)  
  65  5:33  Sentry  
  68  5:44  Immortal (Chrono Boost)  
  72  5:51  Void Ray  
  76  5:59  Protoss Air Weapons Level 1  
  76  6:06  Nexus  
  77  6:15  Immortal (Chrono Boost)  
  83  6:39  Fleet Beacon  
  83  6:51  Immortal  
  87  6:58  Stargate  
  90  7:32  Shield Battery x2  
  90  7:35  Immortal  
  95  7:42  Carrier (Chrono Boost)  
  109  8:02  Carrier (Chrono Boost)  
  114  8:12  Shield Battery x2  
  115  8:28  Forge  
  115  8:37  Carrier (Chrono Boost)  
  115  8:39  Shield Battery x2  
  123  9:08  Assimilator x2  
  123  9:12  Immortal  
  129  9:21  Protoss Air Weapons Level 2  
  129  9:26  Photon Cannon  
  129  9:28  Stalker  
  124  9:58  Carrier (Chrono Boost)  
Spawning Tool Build Advisor. Get it on Overwolf

Go to:

Details

  • Created by: zuka      
  • Published on: Nov 02, 2020
  • Patch: 4.11.0
  • Difficulty: Easy
Show
View Real Time Build Order
Export as new Build Order

Comments (0)

There are no comments. Be the first!

Create an account to comment!